 Dungeon Crawl Stone Soup version 0.29-a0-231-g945431f764 (webtiles) character file.

Game seed: 2689249937768221564

5045 funkygono the Arsonist (level 10, -1/51 HPs)
             Began as a Gargoyle Fire Elementalist on Feb 24, 2022.
             Was a Follower of Vehumet.
             Slain by an orc warlord
             ... wielding a +0 war axe
              (29 damage)
             ... in a bailey on Feb 28, 2022.
             The game lasted 00:28:51 (10356 turns).

funkygono the Arsonist (GrFE)                      Turns: 10356, Time: 00:28:53

Health: -1/51      AC: 13    Str: 12    XL:     10   Next: 55%
Magic:  8/23       EV: 16    Int: 24    God:    Vehumet [*.....]
Gold:   396        SH:  0    Dex: 10    Spells: 14/27 levels left

rFire   . . .      SeeInvis +   n - +7 whip of Living Guilt {vorpal, Int+4}
rCold   . . .      Faith    .   (no shield)
rNeg    + + .      Spirit   .   N - +2 robe {rN+}
rPois   ∞          Reflect  .   (no helmet)
rElec   +          Harm     .   O - +0 cloak
rCorr   .          Rampage  .   (no gloves)
Will    .....                   h - +0 pair of boots
Stlth   ++........              e - amulet of regeneration
HPRegen 0.97/turn               s - ring of see invisible
MPRegen 0.18/turn               A - +4 ring of evasion

@: no status effects
A: sickness immunity, AC +7, negative energy resistance 1, electricity
resistance, torment resistance 1, petrification resistance
a: Renounce Religion


You were in a bailey.
You worshipped Vehumet.
Vehumet was aware of your devotion.
You visited 2 branches of the dungeon, and saw 9 of its levels.
You also visited: Ossuary and Bailey.

You collected 396 gold pieces.

Inventory:

Hand Weapons
 a - a +2 quarterstaff of chaos
 g - the +7 sceptre of Torment {pain, torment}
   (You found it on level 6 of the Dungeon)

   In the hands of one skilled in necromantic magic, it inflicts extra damage on
   living creatures.
   It occasionally torments all nearby living foes when it strikes in combat.
 n - the +7 whip of Living Guilt (weapon) {vorpal, Int+4}
   (You found it on level 6 of the Dungeon)

   It inflicts extra damage upon your enemies.
   Int:       It affects your intelligence (+4).
 w - a +0 whip
 F - a +3 flail
 G - a +8 mace of venom
 H - a +1 flail of venom
 I - a +1 flail of distortion
 Q - a +2 whip of flaming
Missiles
 b - 127 stones
Armour
 h - a +0 pair of boots (worn)
 i - a +0 leather armour
 C - an orb of wrath
 D - the +1 robe of Youthful Indiscretion {SInv}
   (You found it on level 4 of the Dungeon)

   SInv:      It lets you see invisible.
 E - an orb of guile
 N - a +2 robe of positive energy (worn)
 O - a +0 cloak (worn)
Magical Staves
 v - a staff of cold
 B - a staff of air
Jewellery
 e - an amulet of regeneration (around neck)
 f - a ring of flight
 l - a +6 ring of dexterity
 s - a ring of see invisible (left hand)
 A - a +4 ring of evasion (right hand)
Wands
 d - a wand of acid (14)
Scrolls
 c - 2 scrolls of amnesia
 j - 6 scrolls of teleportation
 k - 2 scrolls of summoning
 r - 2 scrolls of fear
 y - 2 scrolls of blinking
 K - 2 scrolls of fog
 L - 2 scrolls of enchant armour {unknown}
Potions
 m - 5 potions of curing
 o - a potion of cancellation {unknown}
 p - 2 potions of lignification
 q - 3 potions of flight
 t - 4 potions of heal wounds
 u - 2 potions of invisibility
 x - a potion of haste
 z - 4 potions of might
 J - 2 potions of mutation
 P - a potion of brilliance {unknown}


   Skills:
 + Level 0.7 Fighting
 + Level 1.0 Maces & Flails
 + Level 2.6 Dodging
 - Level 2.1 Stealth
 * Level 9.2 Spellcasting
 * Level 7.2 Conjurations
 * Level 9.7 Fire Magic


You had 14 spell levels left.
You knew the following spells:

 Your Spells              Type           Power      Damage    Failure   Level
a - Foxfire               Conj/Fire      100%       2x1d9     1%          1
b - Scorch                Fire           100%       2d10      1%          2
c - Conjure Flame         Conj/Fire      51%        6-21      1%          3
d - Flame Wave            Conj/Fire      51%        2d10      1%          4
e - Blink                 Tloc           22%        N/A       9%          2
f - Shock                 Conj/Air       100%       1d9       1%          1

Your spell library contained the following spells:

 Spells                   Type           Power      Damage    Failure   Level
 Static Discharge         Conj/Air       28%        N/A       1%          2
 Inner Flame              Hex/Fire       34%        N/A       2%          3
 Corpse Rot               Necr/Air       22%        N/A       9%          2
 Lesser Beckoning         Tloc           11%        N/A       17%         3
 Tukima's Dance           Hex            11%        N/A       17%         3
 Lightning Bolt           Conj/Air       14%        1d27      34%         5
 Dispel Undead            Necr           11%        3d9       50%         4
 Passage of Golubria      Tloc           11%        N/A       50%         4
 Manifold Assault         Tloc           11%        N/A       85%         5
 Yara's Violent Unravell  Hex/Tmut       5%         3d4       85%         5
 Death Channel            Necr           5%         N/A       100%        6
 Maxwell's Capacitive Co  Air            5%         ∞         100%        8


Dungeon Overview and Level Annotations

Branches:
Dungeon (8/15)             Temple (1/1) D:7         Ossuary (visited)
 Bailey (1/1)
   Lair: D:8-11

Altars:
Ashenzari
Cheibriados
Dithmenos
Elyvilon
Gozag
Hepliaklqana
Nemelex Xobeh
Okawaru
Qazlal
Ru
Sif Muna
Trog
Vehumet
Wu Jian
Yredelemnul
Zin

Annotations:
D:6 2 transporters, Zero0's ghost, novice HOFi
D:8 1 transporter


Innate Abilities, Weirdness & Mutations

You are immune to sickness and miasma.
Your stone body is resilient. (AC +7)
You are immune to poison.
You resist negative energy. (rN+)
You are resistant to electric shocks. (rElec)
You are resistant to unholy torment.
You are immune to petrification.


Message History

The foxfire hits the orc warlord but does no damage.
The orc warlord is lightly wounded.
The orc warlord hits you with a +0 war axe!
The hobgoblin barely misses you.
Casting: Foxfire (safe; 1% risk of failure)
Confirm with . or Enter, or press ? or * to list all spells.
You conjure some foxfire!
The orc warlord is no longer more vulnerable to fire.
The foxfire hits the hobgoblin.
The hobgoblin is heavily wounded.
The orc warlord hits you with a +0 war axe!!
* * * LOW HITPOINT WARNING * * *
The orc warlord hits your foxfire with a +0 war axe!!
The hobgoblin hits you but does no damage.
You feel much better.
The foxfire hits the orc warlord but does no damage.
The orc warlord is lightly wounded.
The orc warlord completely misses you.
The hobgoblin hits you but does no damage.
Casting: Foxfire (safe; 1% risk of failure)
Confirm with . or Enter, or press ? or * to list all spells.
Casting: Flame Wave (dangerous; 1% risk of failure)
Press: ? - help, Dir - look around, f - activate A wave of flame ripples out!
The flame wave engulfs the hobgoblin.
You kill the hobgoblin!
Vehumet accepts your kill.
The flame wave engulfs the orc warlord but does no damage.
The orc warlord is lightly wounded. (Press . to intensify the flame waves.)
The orc warlord hits you with a +0 war axe!
A wave of flame ripples out!
The flame wave engulfs the orc warlord!
The orc warlord is moderately wounded.
The orc warlord hits you with a +0 war axe!
A wave of flame ripples out!
The flame wave engulfs the orc warlord!
The orc warlord is moderately wounded.
You finish channelling waves of flame.
The orc warlord jeers noisily.
The orc warlord hits you with a +0 war axe!!
Ouch! That really hurt!
You die...

..≈≈≈.##.........##)≈≈≈...♣
..≈≈≈.#≈....∩....≈#.≈≈≈...∩
..≈≈≈.#≈.........≈#.≈≈≈...♣
..≈≈≈.#≈≈.8...8.≈ #.≈≈≈...♣
..###'###.......###'###..♣♣
.##..).#≈.8...8.≈#....##.♣
##.....#≈≈≈≈≈≈≈≈≈#.....##♣
#......####≈≈≈####......##
...8......#'''#o@)...8...#
.....).........))........#
......)........)...).....#
#..8..8...........8..8..##
##.......#######.......##
##.....## ##.....## ##...##
##...## ##### #####


You could see an orc warlord.

Vanquished Creatures
  A two-headed ogre (D:8)
  Sigmund (D:2)
  5 yaks (D:8)
  A steam dragon (D:8)
  A water moccasin (D:5)
  2 sky beasts
  3 orc warriors
  2 necrophages (D:4)
  4 ogres
  4 centaurs
  2 phantoms (D:5)
  A bullfrog (D:7)
  A scorpion (D:5)
  A gnoll sergeant (D:7)
  9 killer bees
  4 wights (D:4)
  A human zombie (D:4)
  A jelly (D:4)
  A bullfrog zombie (D:7)
  A centaur skeleton (D:5)
  2 hounds
  3 orc priests
  Crazy Yiuf (D:7)
  4 iguanas
  6 orc wizards
  3 scorpion zombies (D:4)
  A killer bee zombie (D:7)
  13 mummies (Ossuary)
  11 gnolls
  6 adders
  A shadow imp (D:3)
  A white imp (D:6)
  An ufetubus (D:6)
  An adder zombie (D:4)
  2 adder skeletons (D:4)
  4 worms
  3 dart slugs
  28 orcs
  5 endoplasms
  4 giant cockroaches
  14 goblins
  8 hobgoblins
  7 jackals
  2 quokkas
  5 ball pythons
  10 bats
  A frilled lizard (D:3)
  4 gnoll skeletons (Ossuary)
  A goblin skeleton (Ossuary)
  A jackal zombie (D:4)
  14 kobolds
  2 kobold skeletons (Ossuary)
  An orc skeleton (Ossuary)
  3 rats (D:1)
  11 rat skeletons (Ossuary)
230 creatures vanquished.

Vanquished Creatures (others)
  803 foxfires
  2 fungi (D:7)
805 creatures vanquished.

Grand Total: 1035 creatures vanquished

Notes
Turn   | Place    | Note
-------+----------+-------------------------------------------
     0 | D:1      | funkygono the Gargoyle Fire Elementalist began the quest
                  | for the Orb.
     0 | D:1      | Reached XP level 1. HP: 10/10 MP: 3/3
   625 | D:1      | Reached XP level 2. HP: 15/15 MP: 3/5
   628 | D:1      | Learned a level 2 spell: Scorch
   766 | D:1      | Found a faded altar of an unknown god.
  1541 | D:2      | Reached XP level 3. HP: 19/19 MP: 0/6
  1545 | D:2      | Learned a level 3 spell: Conjure Flame
  1631 | D:2      | Found an iron altar of Okawaru.
  1871 | D:2      | Found an ornate altar of the Wu Jian Council.
  1945 | D:2      | Reached XP level 4. HP: 24/24 MP: 2/7
  2033 | D:2      | Noticed Sigmund
  2040 | D:2      | Killed Sigmund
  2041 | D:2      | Reached XP level 5. HP: 28/28 MP: 1/10
  2145 | D:2      | Reached XP level 6. HP: 32/32 MP: 8/11
  2487 | D:3      | Learned a level 4 spell: Flame Wave
  2490 | D:3      | Learned a level 2 spell: Blink
  3793 | D:4      | Identified the +1 robe of Youthful Indiscretion {SInv}
  3801 | D:4      | Reached skill level 5 in Fire Magic
  3801 | D:4      | Reached XP level 7. HP: 33/36 MP: 4/13
  4286 | D:4      | Found a sparkling altar of Nemelex Xobeh.
  4357 | D:4      | Found a basalt altar of Yredelemnul.
  4783 | D:4      | Reached skill level 5 in Spellcasting
  4826 | D:4      | Reached XP level 8. HP: 33/41 MP: 11/15
  4916 | D:4      | Reached skill level 5 in Conjurations
  5129 | D:5      | Entered Level 5 of the Dungeon
  5778 | D:5      | Found an opulent altar of Gozag.
  6014 | D:5      | Reached XP level 9. HP: 45/45 MP: 10/18
  6520 | D:6      | Found a transporter.
  6522 | D:6      | Noticed Zero0's ghost (novice HOFi)
  6527 | D:6      | Found a transporter.
  6606 | D:6      | Found the +7 sceptre of Torment {pain, torment}
  6659 | D:6      | Identified the +7 whip of Living Guilt {vorpal, Int+4}
  7653 | D:7      | Found a sand-covered staircase.
  7672 | Ossuary  | Entered an ossuary
  8501 | D:7      | Found a runed translucent door.
  8502 | D:7      | Noticed Crazy Yiuf
  8514 | D:7      | Killed Crazy Yiuf
  8773 | D:7      | Found a staircase to the Ecumenical Temple.
  8778 | Temple   | Entered the Ecumenical Temple
  8808 | Temple   | Became a worshipper of Vehumet
  9281 | D:7      | Reached XP level 10. HP: 46/50 MP: 15/22
  9435 | D:7      | Upgraded the game from 0.29-a0-214-g17f627cfee to
                  | 0.29-a0-231-g945431f764
  9540 | D:8      | Noticed a two-headed ogre
  9548 | D:8      | Killed a two-headed ogre
  9627 | D:8      | Reached skill level 1 in Maces & Flails
  9731 | D:8      | Found a transporter.
  9754 | D:8      | Reached * piety under Vehumet
  9754 | D:8      | Offered knowledge of Shock by Vehumet.
  9757 | D:8      | Learned a level 1 spell: Shock
  9822 | D:8      | Found a flagged portal.
  9831 | Bailey   | Entered a bailey
  9974 | Bailey   | Noticed an orc warlord
 10210 | Bailey   | Found a runed translucent gate.
 10212 | Bailey   | Found a runed translucent gate.
 10214 | Bailey   | Found a runed translucent gate.
 10356 | Bailey   | Slain by an orc warlord

Illustrated notes

Levels and vault maps discovered:
D:1:      sevenhm_arrival_forest_fort_small_3, layout_basic,
          basic_ecumenical_altar
D:2:      layout_basic, basic_altar, kennysheep_flooded_box, uniq_sigmund
D:3:      layout_loops_cross, item_on_display_a
D:4:      layout_cave_pools, nemelex_xobeh_ov_fountains_minmay,
          lemuel_mausoleum_altar_yredelemnul
D:5:      layout_layer_cave, lemuel_coloured_pillars_altar,
          kennysheep_generic_room_6
D:6:      layout_basic, gammafunk_ghost_smash, kennysheep_generic_room_7
D:7:      layout_loops_ring, temple_doors_cd,
          nicolae_ossuary_entry_false_entrances, serial_park_tiny_2,
          corexii_leaking_fountain, uniq_crazy_yiuf_cottage
D:8:      layout_basic, nicolae_uskayaw_dance_hall, minitemple, enter_bailey_5,
          gammafunk_ghost_abyssal_escape
Temple:   cyrus_circular_temple
Bailey:   bailey_axe_bossmonster_kennysheep, bailey

Skill      XL: |  1  2  3  4  5  6  7  8  9 10 |
---------------+-------------------------------+-----
Conjurations   | 2 3 4 5 6 7 |  7.2
Spellcasting   | 3 4 5 6 8 9 |  9.2
Fire Magic     | 4 5 7 9 |  9.7
Dodging        | 2 |  2.6
Maces & Flails | 1 |  1.0
Fighting       | |  0.7
Stealth        | |  2.1

Action                   |  1- 3 |  4- 6 |  7- 9 | 10-12 || total
-------------------------+-------+-------+-------+-------++-------
Melee: Mace              |       |     1 |       |       ||     1
       Whip              |       |       |    16 |     6 ||    22
       Eveningstar       |       |       |     1 |       ||     1
 Cast: Foxfire           |    58 |   107 |   218 |    92 ||   475
       Scorch            |     3 |     6 |    59 |    10 ||    78
       Flame Wave        |       |       |     6 |     4 ||    10
  Use: Scroll            |       |       |    19 |     6 ||    25
       Potion            |       |       |       |     1 ||     1
Armor: Robe              |     9 |     4 |    22 |     9 ||    44
Dodge: Dodged            |    20 |     7 |    41 |    18 ||    86

Table legend: (Time is in decaauts)
 A = Elapsed time spent in this place.
 B = Non-inter-level travel time spent in this place.
 C = Inter-level travel time spent in this place.
 D = Time resting spent in this place.
 E = Time spent auto-exploring this place.
 F = Levels seen in this place.
 G = Mean time per level.
                   A        B        C        D        E       F      G
               +--------+--------+--------+--------+--------+-----+--------+
         Total |  10357 |  10090 |    267 |   2257 |   5635 |  11 |  941.5 |
       Dungeon |   9041 |   8784 |    257 |   1744 |   5426 |   8 | 1130.1 |
        Temple |     51 |     42 |      9 |      0 |     29 |   1 |   51.0 |
       Ossuary |    739 |    739 |      0 |    284 |    180 |   1 |  739.0 |
        Bailey |    523 |    523 |      0 |    229 |      0 |   1 |  523.0 |
               +--------+--------+--------+--------+--------+-----+--------+

Top non-repeatable levels by time:
     D:1: 1487 daAuts
     D:4: 1473 daAuts
     D:5: 1377 daAuts
     D:7: 1241 daAuts
     D:3: 1214 daAuts
     D:6: 977 daAuts
     D:2: 955 daAuts
 Ossuary: 739 daAuts
  Bailey: 523 daAuts
     D:8: 314 daAuts
  Temple: 51 daAuts
